 Dungeon Crawl Stone Soup version 0.29.0-4-gdea44cf6ec (webtiles) character file.

Game seed: 8899613573997817532

290 night the Purveyor of Pain (level 6, -2/44 (46) HPs)
             Began as a Demonspawn Necromancer on Aug 26, 2022.
             Was an Initiate of Kikubaaqudgha.
             Killed from afar by an orc wizard (8 damage)
             ... with a puff of flame
             ... on level 5 of the Dungeon.
             The game lasted 00:11:13 (3982 turns).

night the Purveyor of Pain (Demonspawn Necromancer) Turns: 3982, Time: 00:11:13

HP:   -2/44 (46)    AC:  2    Str: 11    XL:     6   Next: 9%
MP:   9/20          EV: 12    Int: 16    God:    Kikubaaqudgha [......]
Gold: 1813          SH:  0    Dex: 13    Spells: 3/11 levels left

rFire   . . .      SeeInvis .   e - +2 short sword (protect)
rCold   . . .      Faith    .   (no shield)
rNeg    . . .      Spirit   .   a - +0 robe
rPois   .          Reflect  .   (no helmet)
rElec   .          Harm     .   i - scarf {repulsion}
rCorr   .          Rampage  .   (no gloves)
Will    .....                   (no boots)
Stlth   ++........              (no amulet)
HPRegen 0.14/turn               o - ring of magical power
MPRegen 0.17/turn               u - ring of flight

@: animating dead, flying, very slightly contaminated, lightly drained, repel
missiles
A: demonic guardian 1, demonic magic 1
a: Renounce Religion


You were on level 5 of the Dungeon.
You worshipped Kikubaaqudgha.
Kikubaaqudgha was noncommittal.
You visited 2 branches of the dungeon, and saw 6 of its levels.

You collected 1813 gold pieces.

Inventory:

Hand Weapons
 c - a +1 dagger of flaming
 d - a +0 hand axe
 e - a +2 short sword of protection (weapon)
Missiles
 g - 45 stones
 v - 7 poisoned darts
 C - 4 atropa-tipped darts
Armour
 a - a +0 robe (worn)
 i - a scarf of repulsion (worn)
 p - a +0 ring mail
Jewellery
 o - a ring of magical power (left hand)
 u - a ring of flight (right hand)
Wands
 q - a wand of light (8)
 t - a wand of mindburst (10)
Scrolls
 l - a scroll of immolation {unknown}
 m - a scroll of teleportation
 n - 2 scrolls of amnesia
 s - a scroll of enchant weapon
 y - a scroll of magic mapping {unknown}
 A - a scroll of noise {unknown}
Potions
 b - a potion of magic
 f - a potion of heal wounds {unknown}
 h - a potion of might {unknown}
 j - a potion of haste {unknown}
 k - a potion of brilliance {unknown}
 r - 4 potions of curing {unknown}
 w - a potion of degeneration {unknown}
 z - a potion of mutation {unknown}
 B - 2 potions of lignification {unknown}


   Skills:
 + Level 2.7 Fighting
 - Level 1.7 Dodging
 - Level 1.7 Stealth
 - Level 3.4 Spellcasting
 + Level 6.5 Necromancy


You had 3 spell levels left.
You knew the following spells:

 Your Spells              Type           Power      Damage    Failure   Level
a - Necrotise             Necr           92%        1d8       1%          1
b - Animate Dead          Necr           23%        N/A       12%         4
c - Vampiric Draining     Necr           23%        2d7       3%          3

Your spell library contained the following spells:

 Spells                   Type           Power      Damage    Failure   Level
 Beastly Appendage        Tmut           4%         N/A       19%         1
 Summon Small Mammal      Summ           8%         N/A       19%         1
 Scorch                   Fire           4%         2d5       26%         2
 Wereblood                Tmut           2%         N/A       26%         2
 Spider Form              Tmut/Pois      2%         N/A       47%         3
 Agony                    Necr           23%        N/A       34%         5
 Flame Wave               Conj/Fire      2%         2d4       87%         4
 Alistair's Intoxication  Tmut/Pois      1%         N/A       99%         5
 Summon Cactus Giant      Summ           1%         N/A       100%        6
 Malign Gateway           Summ/Tloc      1%         N/A       100%        7
 Spellforged Servitor     Conj/Summ      1%         N/A       100%        7


Dungeon Overview and Level Annotations

Branches:
Dungeon (5/15)             Temple (1/1) D:4

Altars:
Ashenzari
Fedhas
Gozag
Hepliaklqana
Kikubaaqudgha
Makhleb
Nemelex Xobeh
Okawaru
Qazlal
Ru
Trog
Uskayaw
Xom
Yredelemnul

Shops:
D:1 ?:


Innate Abilities, Weirdness & Mutations

A weak demonic guardian rushes to your aid.
Spells you cast may paralyse adjacent enemies.


Message History

Casting: Necrotise (safe; 1% risk of failure)
Confirm with . or Enter, or press ? or * to list all spells.
You miscast Animate Dead.
You are very lightly contaminated with residual magic.
You hear strange and distant voices!
You feel drained.
The gnoll shouts!
The orc shouts!
A gnoll comes into view. It is wielding a +0 club.
Casting: Animate Dead (quite dangerous; 12% risk of failure)
Confirm with . or Enter, or press ? or * to list all spells.
You call upon the dead to rise.
Malevolent energies surge around you.
The gnoll shouts!
The orc priest invokes the aid of Beogh against you.
Beogh smites you!
An orc comes into view. It is wielding a +0 dagger.
Aiming: Bolt of Light
Press: ? - help, Shift-Dir - straight line, f - orc priest
Aim: an orc priest, wielding a +0 mace (71% to hit)
Okay, then.
Casting: Animate Dead (quite dangerous; 12% risk of failure)
Confirm with . or Enter, or press ? or * to list all spells.
You miscast Animate Dead.
Nothing appears to happen.
The orc shouts!
The orc wizard gestures at you while chanting.
The puff of flame hits you.
* * * LOW HITPOINT WARNING * * *
Aiming: Bolt of Light
Press: ? - help, Shift-Dir - straight line, f - orc
Aim: an orc, wielding a +0 dagger and wearing a +0 leather armour (71% to hit)
The bolt of light misses the orc wizard.
The bolt of light misses the orc priest.
The bolt of light misses the gnoll.
The bolt of light hits the orc.
The orc is almost dead.
The orc is blinded.
The gnoll hits you from afar with a +0 halberd!
* * * LOW HITPOINT WARNING * * *
A demonic guardian appears!
The orc wizard points at you and mumbles some strange words.
The puff of flame hits you!
You die...
Kikubaaqudgha rasps: "You have failed me!
Welcome... death!"

#..# ##..# ~Pā‰ˆā‰ˆ
#####...# ~~P~ .....>.##
P~~~~ ......## P~~P~
#....## ~~~~~. ####.##
###~~~PP.
###...###########.ggo....
#..............#@.ooo....
...............5.#go..#..
##....#########.##.##..#
###### #..#.# .# #..##.
#... . ...#... # ...#...
###.. .... ..


You could see 2 orc priests, an orc wizard (ally target), 3 gnolls, 2 orcs and a
friendly iron imp (summoned).

Vanquished Creatures
  A phantom (D:5)
  A scorpion (D:4)
  An iguana (D:4)
  A gnoll (D:2)
  5 adders
  An ufetubus (D:4)
  A worm (D:3)
  3 dart slugs
  3 ball pythons
  7 endoplasms
  3 giant cockroaches
  6 goblins
  3 hobgoblins
  2 jackals (D:2)
  4 quokkas
  6 bats
  A frilled lizard (D:1)
  7 kobolds
  9 rats
65 creatures vanquished.

Vanquished Creatures (collateral kills)
  An endoplasm (D:1)
  A hobgoblin (D:1)
  2 kobolds
  A rat (D:2)
5 creatures vanquished.

Grand Total: 70 creatures vanquished

Notes
Turn   | Place    | Note
-------+----------+-------------------------------------------
     0 | D:1      | night the Demonspawn Necromancer began the quest for the
                  | Orb.
     0 | D:1      | Reached XP level 1. HP: 13/13 MP: 3/3
   326 | D:1      | Found Loefes's Magic Scroll Shop.
   355 | D:1      | Gained mutation: Spells you cast may paralyse adjacent
                  | enemies. [demonic ancestry]
   355 | D:1      | Reached XP level 2. HP: 19/19 MP: 1/5
  1158 | D:1      | Found Boxoxzeic's Book Boutique.
  1483 | D:2      | Reached skill level 5 in Necromancy
  1483 | D:2      | Gained mutation: A weak demonic guardian rushes to your
                  | aid. [demonic ancestry]
  1483 | D:2      | Reached XP level 3. HP: 24/24 MP: 2/7
  1556 | D:2      | You fall into a shaft and drop 2 floors!
  1556 | D:4      | Found a staircase to the Ecumenical Temple.
  1565 | D:4      | Got the Atlas of the Friendly Snake
  1569 | Temple   | Entered the Ecumenical Temple
  1635 | Temple   | Became a worshipper of Kikubaaqudgha
  1649 | D:4      | Noticed a scorpion
  1657 | D:4      | Killed a scorpion
  1658 | D:4      | Reached XP level 4. HP: 30/30 MP: 3/9
  1745 | D:4      | Found an opulent altar of Gozag.
  1763 | D:4      | Found an opulent altar of Gozag.
  1769 | D:4      | Found an opulent altar of Gozag.
  1807 | D:4      | Found an opulent altar of Gozag.
  1853 | D:3      | Found a stormy altar of Qazlal.
  2690 | D:2      | Found a faded altar of an unknown god.
  2751 | D:2      | Identified 2 scrolls of acquirement
  2751 | D:2      | Acquired 467 gold pieces
  2753 | D:2      | Acquired 984 gold pieces
  2800 | D:2      | Reached skill level 1 in Fighting
  2800 | D:2      | Reached XP level 5. HP: 30/37 MP: 10/10
  2998 | D:2      | Reached skill level 6 in Necromancy
  3003 | D:2      | Learned a level 4 spell: Animate Dead
  3507 | D:4      | Reached skill level 2 in Fighting
  3826 | D:5      | Entered Level 5 of the Dungeon
  3850 | D:5      | Learned a level 3 spell: Vampiric Draining
  3881 | D:5      | Identified the +1 ring mail "Nisuvvon" {rElec}
  3905 | D:5      | Noticed a phantom
  3915 | D:5      | Killed a phantom
  3916 | D:5      | Reached XP level 6. HP: 43/46 MP: 11/11
  3982 | D:5      | HP: 6/44 [gnoll/+0 halberd (8)]
  3982 | D:5      | Killed from afar by an orc wizard

Illustrated notes

Levels and vault maps discovered:
D:1:      minmay_arrival_nine_rooms, layout_basic, serial_shops,
          nicolae_shop_hallway_plus, shop
D:2:      layout_rooms, ebering_ecumenical_altar_webs, cheibrodos_gnoll_hut
D:3:      layout_basic, mainiacjoe_overflow_small_starburst
D:4:      layout_basic, nicolae_gozag_conspicuous_consumption,
          minmay_temple_entry_offerings
D:5:      layout_layer_cave, serial_bayou, serial_bayou_crossing,
          serial_bayou_lagoon_a, serial_bayou_shore_a, serial_bayou_pond_b,
          serial_bayou_pond_c, uniq_prince_ribbit1
Temple:   eino_temple_lava

Skill      XL: |  1  2  3  4  5 |
---------------+----------------+-----
Necromancy     | 5 6 |  6.5
Spellcasting   | 3 |  3.4
Fighting       | 1 2 |  2.7
Dodging        | |  1.7
Stealth        | |  1.7

Action                   |  1- 3 |  4- 6 || total
-------------------------+-------+-------++-------
Melee: Hand axe          |     8 |       ||     8
       Short sword       |    18 |    47 ||    65
 Cast: Necrotise         |    34 |    62 ||    96
       Animate Dead      |       |     2 ||     2
Evoke: Wand              |       |     3 ||     3
  Use: Scroll            |       |     6 ||     6
 Stab: Sleeping          |     1 |     2 ||     3
       Paralysed         |     1 |    11 ||    12
       Invisible         |       |     1 ||     1
Armor: Robe              |     4 |    12 ||    16
Dodge: Dodged            |    13 |    38 ||    51
       Repelled          |       |     1 ||     1
